 Dungeon Crawl Stone Soup version 0.29.0-7-g18a832c13a (webtiles) character file.

Game seed: 17072798049365601414

510 sanka the Grappler (level 6, -1/59 HPs)
             Began as a Troll Cinder Acolyte on Aug 30, 2022.
             Was a High Priest of Ignis.
             Slain by Grinder (8 damage)
             ... on level 4 of the Dungeon.
             The game lasted 00:04:47 (2537 turns).

sanka the Grappler (Troll Cinder Acolyte)           Turns: 2537, Time: 00:04:48

Health: -1/59      AC:  4    Str: 23    XL:     6   Next: 98%
Magic:  6/6        EV:  9    Int: 10    God:    Ignis [*****.]
Gold:   228        SH:  0    Dex:  7    Spells: 7/7 levels left

rFire   + . .      SeeInvis +     - Unarmed
rCold   . . .      Faith    .   (no shield)
rNeg    . . .      Spirit   .   a - +0 robe
rPois   .          Reflect  .   (helmet restricted)
rElec   .          Harm     .   (no cloak)
rCorr   .          Rampage  .   (gloves unavailable)
Will    .....                   (boots unavailable)
Stlth   +.........              (no amulet)
HPRegen 0.99/turn               (no ring)
MPRegen 0.10/turn               f - ring of see invisible

@: no status effects
A: large, unfitting armour, claws 3, regeneration 1, shaggy fur 1, tough skin 1
a: Renounce Religion, Fiery Armour, Foxfire Swarm, Rising Flame


You were on level 4 of the Dungeon.
You worshipped Ignis.
Ignis was extremely pleased with you.
You visited 1 branch of the dungeon, and saw 4 of its levels.

You collected 228 gold pieces.


Innate Abilities, Weirdness & Mutations

You are too large for most types of armour.
You have claws for hands.
Your natural rate of healing is unusually fast.
You are covered in fur. (AC +1)
You have tough skin. (AC +1)


   Skills:
 - Level 2.4 Fighting
 + Level 8.0 Unarmed Combat
 - Level 1.0 Spellcasting
 - Level 2.1 Fire Magic


You had 7 spell levels left.
You didn't know any spells.
Your spell library contained the following spells:

 Spells                   Type           Power      Damage    Failure   Level
 Scorch                   Fire           8%         2d5       22%         2
 Ozocubu's Armour         Ice            0%         N/A       71%         3
 Passage of Golubria      Tloc           0%         N/A       98%         4
 Metabolic Englaciation   Hex/Ice        0%         N/A       100%        5
 Silence                  Hex/Air        0%         N/A       100%        5
 Simulacrum               Ice/Necr       0%         N/A       100%        6
 Lehudib's Crystal Spear  Conj/Erth      0%         10d2      100%        8

Inventory:

Missiles
 n - 4 silver javelins (quivered)
 o - 4 curare-tipped darts {=f}
 v - 2 javelins
Armour
 a - a +0 robe (worn)
Jewellery
 f - a ring of see invisible (right claw)
 x - a ring of ice
Wands
 q - a wand of roots (13)
 w - a wand of polymorph (4)
 y - a wand of flame (18)
Scrolls
 c - a scroll of immolation {unknown}
 g - 6 scrolls of identify {unknown}
 h - 3 scrolls of noise {unknown}
 i - a scroll of poison {unknown}
 m - a scroll of amnesia {unknown}
 s - a scroll of fog {unknown}
 t - 2 scrolls of enchant armour {unknown}
 z - a scroll of blinking {unknown}
Potions
 b - a potion of cancellation {unknown}
 d - a potion of haste {unknown}
 e - a potion of mutation {unknown}
 j - a potion of brilliance {unknown}
 k - 3 potions of heal wounds {unknown}
 l - a potion of resistance {unknown}
 p - a potion of magic {unknown}
 r - a potion of curing {unknown}
 u - a potion of flight {unknown}

Dungeon Overview and Level Annotations

Branches:
Dungeon (4/15)
 Temple: D:4-7

Altars:
Sif Muna

Annotations:
D:4 Grinder

▒.▒ ▒.....▒.. ..▒ ▒.▒
▒.....▒.▒.▒.▒ ▒.▒
▒.....▒.▒.▒.▒▒
▒.▒▒▒.....▒.▒ ...▒
▒.▒▒........▒ ▒..▒
▒▒.▒▒.▒▒.▒▒..▒▒▒..▒
▒........▒▒.......▒
▒..........5▒▒▒▒▒.▒▒▒▒▒▒▒▒
▒)▒▒▒.▒▒▒▒..T▒▒ ▒.........
▒▒.▒▒▒.....▒▒▒g▒▒▒..▒▒▒▒.▒▒
▒▒▒▒...▒▒.▒▒▒. ▒....5.▒
)............. ▒.▒▒▒▒.▒
▒▒▒▒...▒▒.▒▒. ..▒▒ ▒..!
▒▒▒▒▒.▒▒ .▒ ▒.▒ ▒.▒▒..
...▒▒.▒ ... ▒.. ▒▒ ▒▒.▒▒.▒
.▒▒ ... .. ...▒ .


g▒g You could see Grinder and a goblin.


Message History

Grinder is severely wounded.
Grinder gestures at you.
You suddenly lose the ability to move!
The goblin hits you but does no damage. Grinder hits you.
* * * LOW HITPOINT WARNING * * *
You writhe in agony.
* * * LOW HITPOINT WARNING * * *
The goblin hits you but does no damage. Grinder hits you.
* * * LOW HITPOINT WARNING * * *
The goblin barely misses you. Grinder hits you.
* * * LOW HITPOINT WARNING * * *
You writhe in agony.
* * * LOW HITPOINT WARNING * * *
You can move again.
Unknown command.
Unknown command.
You barely miss Grinder.
Grinder is severely wounded.
The goblin closely misses you. Grinder gestures at you.
You resist with significant effort.
You claw Grinder!
Grinder is almost dead.
The goblin hits you with a +0 club.
* * * LOW HITPOINT WARNING * * *
Grinder hits you!
You die...

Action                   |  1- 3 |  4- 6 || total
-------------------------+-------+-------++-------
Melee: Unarmed           |   115 |   169 ||   284
       Punch             |     2 |     5 ||     7
Evoke: Wand              |       |     5 ||     5
Armor: Robe              |    32 |    54 ||    86
Dodge: Dodged            |    42 |    50 ||    92

Levels and vault maps discovered:
D:1:      erik_arrival_cave_to_civilisation [erik_arrival_cave_to_hall],
          layout_rooms, ebering_ecumenical_altar_rust, minmay_hedge_maze,
          minmay_small_reverse_x
D:2:      layout_basic, basic_altar, minmay_stone_trees_small, uniq_sigmund
D:3:      gammafunk_wand_slinger, layout_rooms
D:4:      layout_loops_cross, kennysheep_mini_moat,
          mainiacjoe_overflow_two_lobes, uniq_robin, uniq_ijyb, uniq_grinder

Notes
Turn   | Place    | Note
-------+----------+-------------------------------------------
     0 | D:1      | sanka the Troll Cinder Acolyte began the quest for the Orb.
     0 | D:1      | Reached XP level 1. HP: 22/22 MP: 1/1
    50 | D:1      | Reached XP level 2. HP: 23/29 MP: 2/2
   113 | D:2      | Reached skill level 4 in Unarmed Combat
   302 | D:2      | Reached XP level 3. HP: 36/36 MP: 3/3
   637 | D:1      | Reached XP level 4. HP: 44/44 MP: 4/4
   641 | D:1      | Found a faded altar of an unknown god.
   890 | D:1      | Reached skill level 5 in Unarmed Combat
  1310 | D:2      | Noticed Sigmund
  1320 | D:2      | Killed Sigmund
  1321 | D:2      | Reached skill level 6 in Unarmed Combat
  1321 | D:2      | Reached XP level 5. HP: 50/50 MP: 5/5
  1527 | D:2      | Found a shimmering blue altar of Sif Muna.
  1787 | D:3      | Found a transporter.
  1849 | D:3      | Reached XP level 6. HP: 51/59 MP: 6/6
  1870 | D:3      | Found a transporter.
  1993 | D:3      | Reached skill level 7 in Unarmed Combat
  2445 | D:4      | Noticed Ijyb
  2460 | D:4      | Killed Ijyb
  2509 | D:4      | Reached skill level 8 in Unarmed Combat
  2513 | D:4      | Noticed Grinder
  2522 | D:4      | Paralysed by Grinder for 4 turns
  2532 | D:4      | Paralysed by Grinder for 3 turns
  2537 | D:4      | Slain by Grinder

Vanquished Creatures
  Sigmund (D:2)
  A scorpion (D:4)
  A crimson imp (D:3)
  A jelly (D:4)
  An iguana (D:4)
  Ijyb (D:4)
  8 adders
  A river rat (D:3)
  A white imp (D:3)
  A worm (D:2)
  3 dart slugs
  An orc (D:3)
  9 endoplasms
  3 giant cockroaches
  12 goblins
  5 hobgoblins
  6 jackals
  7 quokkas
  4 ball pythons
  4 bats
  6 frilled lizards
  7 kobolds
  9 rats
  A bush (D:1)
94 creatures vanquished.

Vanquished Creatures (others)
  A plant (D:3)
1 creature vanquished.

Grand Total: 95 creatures vanquished
